 Dungeon Crawl Stone Soup version 0.27-a0-652-g2d5cf1dcd3 (webtiles) character file.

Game seed: 15839959519385655453

24 Ijustatesigmund the Skirmisher (level 2, 0/24 HPs)
             Began as a Demonspawn Fighter on Mar 16, 2021.
             Succumbed to a kobold's poison
             ... on level 1 of the Dungeon.
             The game lasted 00:02:30 (1109 turns).

Ijustatesigmund the Skirmisher (Demonspawn Fighter) Turns: 1109, Time: 00:02:31

Health: 0/24       AC:  6    Str: 16    XL:     2   Next: 79%
Magic:  2/2        EV:  7    Int:  9    God:
Gold:   28         SH:  8    Dex: 12    Spells: 1/1 levels left

rFire    . . .     SeeInvis .   a - +0 war axe
rCold    . . .     Faith    .   c - +0 kite shield
rNeg     . . .     Spirit   .   b - +0 scale mail
rPois    .         Reflect  .   (no helmet)
rElec    .         Harm     .   (no cloak)
rCorr    .         Rampage  .   (no gloves)
Will     .....                  (no boots)
Stlth    ..........             (no amulet)
HPRegen  0.08/turn              (no ring)
MPRegen  0.08/turn              (no ring)

@: lethally poisoned (0 -> -1)
A: spiny 1
a: no special abilities


You were on level 1 of the Dungeon.
You visited 1 branch of the dungeon, and saw 1 of its levels.

You collected 28 gold pieces.

Inventory:

Hand Weapons
 a - a +0 war axe (weapon)
Armour
 b - a +0 scale mail (worn)
 c - a +0 kite shield (worn)
Jewellery
 e - a ring of flight
Scrolls
 f - a scroll of enchant armour {unknown}
Potions
 d - a potion of might


   Skills:
 + Level 3.2 Fighting
 * Level 2.5 Axes
 - Level 2.6 Armour
 + Level 0.9 Dodging
 - Level 2.6 Shields


You had one spell level left.
You didn't know any spells.
Your spell library was empty.

Dungeon Overview and Level Annotations

Branches:
Dungeon (1/15)

Altars:


Innate Abilities, Weirdness & Mutations

You are partially covered in sharp spines.


Message History

The kobold is severely wounded.
You feel sick.
The kobold hits you with a +0 short sword of venom.
You are lethally poisoned!
You hit the kobold.
You kill the kobold!
You feel sick.
You feel sick.
Things that are here:
a +0 short sword of venom; 3 stones You feel sick.
You see here a scroll labelled UCHUAR FAGU.
f - a scroll labelled UCHUAR FAGU You feel sick.
You feel sick.
Things that are here:
a +0 short sword of venom; 3 stones You feel sick.
You feel sick.
* * * LOW HITPOINT WARNING * * *
You feel sick.
Okay, then.
* * * LOW HITPOINT WARNING * * *
You feel sick.
* * * LOW HITPOINT WARNING * * *
You feel sick.
* * * LOW HITPOINT WARNING * * *
You feel sick.
* * * LOW HITPOINT WARNING * * *
You feel sick.
* * * LOW HITPOINT WARNING * * *
You feel sick.
* * * LOW HITPOINT WARNING * * *
You feel sick.
A rat comes into view.
* * * LOW HITPOINT WARNING * * *
You feel sick.
* * * LOW HITPOINT WARNING * * *
You feel sick.
You die...

#..†..........
#.############
#.# #### #.# #...
#.#########)##
#..........r..
###.#######.##
#########.# #...#
#..@......# #.###
#.#######.# #.# #
####.# #.# ..##.#
#.# #.##.# #.#
#.##.#####.##
#.#.P≈P≈P.P≈#
####P≈PPP≈P♣≈≈.#
##P≈≈≈≈≈♣♣♣≈÷≈.≈#


There were no monsters in sight!

Vanquished Creatures
  3 bats (D:1)
  3 giant cockroaches (D:1)
  5 goblins (D:1)
  4 hobgoblins (D:1)
  A frilled lizard (D:1)
  3 kobolds (D:1)
  2 rats (D:1)
21 creatures vanquished.

Vanquished Creatures (others)
  3 fungi (D:1)
  50 plants (D:1)
53 creatures vanquished.

Grand Total: 74 creatures vanquished

Notes
Turn   | Place    | Note
-------+----------+-------------------------------------------
     0 | D:1      | Ijustatesigmund the Demonspawn Fighter began the quest for
                  | the Orb.
     0 | D:1      | Reached XP level 1. HP: 18/18 MP: 1/1
   622 | D:1      | Gained mutation: You are partially covered in sharp spines.
                  | [demonic ancestry]
   622 | D:1      | Reached XP level 2. HP: 18/24 MP: 2/2
  1101 | D:1      | HP: 1/24 [poisoned by a kobold]
  1109 | D:1      | Succumbed to a kobold's poison

Illustrated notes

Levels and vault maps discovered:
D:1:      dpeg_arrival_water_fire, layout_loops_ring, serial_bayou,
          serial_bayou_lake_a, serial_bayou_lagoon_a, serial_bayou_crossing,
          serial_bayou_pond_c

Skill      XL: |  1 |
---------------+----+-----
Axes           | 2 |  2.5
Fighting       | |  3.2
Armour         | |  2.6
Dodging        | |  0.9
Shields        | |  2.6

Action                   || total
-------------------------++-------
Melee: War axe           ||    83
  Use: Scroll            ||     3
Armor: Scale mail        ||    40
Dodge: Dodged            ||    27
Block: Kite shield       ||    45

Table legend: (Time is in decaauts)
 A = Elapsed time spent in this place.
 B = Non-inter-level travel time spent in this place.
 C = Inter-level travel time spent in this place.
 D = Time resting spent in this place.
 E = Time spent auto-exploring this place.
 F = Levels seen in this place.
 G = Mean time per level.
                   A        B        C        D        E       F      G
               +--------+--------+--------+--------+--------+-----+--------+
         Total |   1199 |   1199 |      0 |    172 |    770 |   1 | 1199.0 |
       Dungeon |   1199 |   1199 |      0 |    172 |    770 |   1 | 1199.0 |
               +--------+--------+--------+--------+--------+-----+--------+

Top non-repeatable levels by time:
     D:1: 1199 daAuts
